 Dungeon Crawl Stone Soup version 0.28-a0-863-g8cecda6153 (console) character file.

Game seed: 14956905652579783084

18 jejorda2 the Skirmisher (level 2, -2/19 HPs)
             Began as a Gargoyle Berserker on Nov 18, 2021.
             Was a Follower of Trog.
             Slain by Natasha (5 damage)
             ... on level 2 of the Dungeon.
             The game lasted 00:01:42 (1264 turns).

jejorda2 the Skirmisher (Gargoyle Berserker)        Turns: 1264, Time: 00:01:43

Health: -2/19      AC:  8    Str: 20    XL:     2   Next: 70%
Magic:  2/2        EV: 11    Int:  7    God:    Trog [*.....]
Gold:   92         SH:  0    Dex:  9    Spells: 1/1 levels left

rFire   . . .      SeeInvis .   a - +0 spear
rCold   . . .      Faith    .   (no shield)
rNeg    + . .      Spirit   .   g - +0 ring mail
rPois   ∞          Reflect  .   (no helmet)
rElec   +          Harm     .   (no cloak)
rCorr   .          Rampage  .   (no gloves)
Will    .....                   (no boots)
Stlth   ..........              (no amulet)
HPRegen 0.06/turn               (no ring)
MPRegen 0.08/turn               (no ring)

@: slowed, very slow
A: sickness immunity, AC +2, negative energy resistance 1, electricity
resistance, torment resistance 1, petrification resistance
a: Renounce Religion, Berserk


You were on level 2 of the Dungeon.
You worshipped Trog.
Trog was aware of your devotion.
You visited 1 branch of the dungeon, and saw 2 of its levels.

You collected 92 gold pieces.

Inventory:

Hand Weapons
 a - a +0 spear (weapon)
Missiles
 c - 48 stones (quivered)
 d - 26 bolts
 k - 20 arrows
 m - 5 javelins
Armour
 g - a +0 ring mail (worn)
Scrolls
 b - 2 scrolls of fog {unknown}
 f - a scroll of noise {unknown}
 i - a scroll of identify {unknown}
 n - a scroll of enchant armour {unknown}
Potions
 e - a potion of degeneration {unknown}
 h - a potion of curing {unknown}
 j - a potion of berserk rage {unknown}
 l - a potion of lignification {unknown}


   Skills:
 + Level 3.5 Fighting
 * Level 3.1 Polearms
 + Level 2.5 Armour
 - Level 1.5 Dodging


You had one spell level left.
You didn't know any spells.
Your spell library was empty.

Dungeon Overview and Level Annotations

Branches:
Dungeon (2/15)

Altars:

Annotations:
D:2 Natasha


Innate Abilities, Weirdness & Mutations

You are immune to sickness and miasma.
Your stone body is resilient. (AC +2)
You are immune to poison.
You resist negative energy. (rN+)
You are resistant to electric shocks. (rElec)
You are resistant to unholy torment.
You are immune to petrification.


Message History

You now have 74 gold pieces (gained 14).
You now have 88 gold pieces (gained 14).
n - a scroll labelled WAOZXAOGARCH You now have 92 gold pieces (gained 4).
c - 48 stones (gained 17) Natasha, Servant of Life and Death comes into view.
Natasha wildly gestures.
Natasha's front paws start to glow.
Natasha completely misses you.
You hit Natasha but do no damage. Natasha casts a spell at you.
You feel yourself slow down.
You hit Natasha.
Natasha is moderately wounded.
Natasha casts a spell at you.
The magic dart hits you but does no damage.
Natasha claws you but does no damage.
You closely miss Natasha.
Natasha is moderately wounded.
Natasha mumbles some strange words.
You feel disoriented. Natasha claws you.
You hit Natasha.
Natasha is severely wounded.
Natasha casts a spell at you. The magic dart hits you. Natasha misses you.
You closely miss Natasha.
Natasha is severely wounded.
Natasha claws you.
You closely miss Natasha.
Natasha is severely wounded.
Natasha closely misses you.
You closely miss Natasha.
Natasha is severely wounded.
Natasha claws you. x2
* * * LOW HITPOINT WARNING * * *
You hit Natasha.
Natasha is severely wounded.
Natasha claws you.
You die...

..#.#.#..>## .......#.##
.##.#.#### ###.#.# ..#.#
####.###############
#......#.........#
#..###.#.#..#.#..#
.###..###.#....#@# #
......#..........h......
.###...........#.#..####
#.##.#...#..#.#..#
#.............. .#
#.##.##.########## #.
#.##.# #. #.##.# #.
.....#


You could see Natasha.

Vanquished Creatures
  An endoplasm (D:1)
  3 giant cockroaches (D:1)
  4 hobgoblins (D:1)
  A quokka (D:1)
  A ball python (D:1)
  3 bats
  2 frilled lizards (D:1)
  A kobold (D:1)
  A rat (D:1)
17 creatures vanquished.

Notes
Turn   | Place    | Note
-------+----------+-------------------------------------------
     0 | D:1      | jejorda2 the Gargoyle Berserker began the quest for the
                  | Orb.
     0 | D:1      | Reached XP level 1. HP: 14/14 MP: 1/1
   405 | D:1      | Reached XP level 2. HP: 16/19 MP: 2/2
   447 | D:1      | Found a faded altar of an unknown god.
  1254 | D:2      | Noticed Natasha
  1264 | D:2      | Slain by Natasha

Illustrated notes

Levels and vault maps discovered:
D:1:      elethiomel_arrival_quiet, layout_basic,
          dreamdust_ecumenical_altar_grove, chequers_serial_rivers_large_b
D:2:      layout_loops_cross, minmay_tetromino_t4, uniq_crazy_yiuf_cottage,
          uniq_natasha

Skill      XL: |  1  2 |
---------------+-------+-----
Polearms       | 3 |  3.1
Fighting       | |  3.5
Armour         | |  2.5
Dodging        | |  1.5

Action                   || total
-------------------------++-------
Melee: Spear             ||    78
Throw: Stone             ||    14
 Stab: Sleeping          ||     1
Armor: Animal skin       ||     4
       Ring mail         ||    10
Dodge: Dodged            ||    36

Table legend: (Time is in decaauts)
 A = Elapsed time spent in this place.
 B = Non-inter-level travel time spent in this place.
 C = Inter-level travel time spent in this place.
 D = Time resting spent in this place.
 E = Time spent auto-exploring this place.
 F = Levels seen in this place.
 G = Mean time per level.
                   A        B        C        D        E       F      G
               +--------+--------+--------+--------+--------+-----+--------+
         Total |   1292 |   1235 |     57 |      0 |   1053 |   2 |  646.0 |
       Dungeon |   1292 |   1235 |     57 |      0 |   1053 |   2 |  646.0 |
               +--------+--------+--------+--------+--------+-----+--------+

Top non-repeatable levels by time:
     D:1: 1225 daAuts
     D:2: 66 daAuts
